 Dungeon Crawl Stone Soup version 0.21-a0-529-g8c7b3f5 (webtiles) character file.

148 Amnesiac the Chucker (level 5, 0/53 HPs)
             Began as an Ogre Arcane Marksman on Dec 11, 2017.
             Slain by a gnoll
             ... wielding a +0 spear
              (3 damage)
             ... on level 2 of the Dungeon.
             The game lasted 00:03:23 (1176 turns).

Amnesiac the Chucker (Ogre Arcane Marksman)         Turns: 1176, Time: 00:03:23

Health: 0/53       AC:  3    Str: 14    XL:     5   Next: 30%
Magic:  7/8        EV: 10    Int: 14    God:
Gold:   45         SH:  0    Dex: 10    Spells: 5/8 levels left

rFire    . . .     SeeInvis .   s - +0 giant club
rCold    . . .     Gourm    .   (shield currently unavailable)
rNeg     . . .     Faith    .   a - +0 robe
rPois    .         Spirit   .   (helmet restricted)
rElec    .         Reflect  .   (no cloak)
rCorr    .         Harm     .   (gloves unavailable)
MR       .....                  (boots unavailable)
Stlth    +.........             (no amulet)
HPRegen  0.17/turn              e - ring of flight
MPRegen  0.11/turn              (no ring)

@: very slightly contaminated
A: large, unfitting armour, tough skin 1
a: Evoke Flight


You were on level 2 of the Dungeon.
You were not hungry.

You visited 1 branch of the dungeon, and saw 2 of its levels.

You collected 45 gold pieces.

Inventory:

Hand Weapons
 o - a +0 short sword of speed
 s - a +0 giant club (weapon)
Missiles
 c - 4 large rocks (quivered)
 d - 2 throwing nets
 j - 16 poisoned needles
 l - 12 stones
Armour
 a - a +0 robe (worn)
Jewellery
 e - a ring of flight (left hand)
Scrolls
 g - a scroll of magic mapping {!r, unknown}
 h - a scroll of remove curse {!r, unknown}
 k - a scroll of immolation {!r, unknown}
 p - a scroll of identify {!r, unknown}
Potions
 i - a potion of flight {!q, unknown}
 n - a potion of might {!q, unknown}
 r - a potion of magic {!q, unknown}
Books
 b - a book of Debilitation

   Spells                             Type                      Level
   a - Corona                         Hexes                        1
   b - Slow                           Hexes                        2
   c - Inner Flame                    Hexes/Fire                   3
   d - Portal Projectile              Hexes/Translocation          3
   e - Cause Fear                     Hexes                        4
   f - Leda's Liquefaction            Hexes/Earth                  4
 q - a book of Changes

   Spells                             Type                      Level
   a - Beastly Appendage              Transmutation                1
   b - Sticks to Snakes               Transmutation                2
   c - Spider Form                    Transmutation/Poison         3
   d - Ice Form                       Ice/Transmutation            4
   e - Blade Hands                    Transmutation                5
Comestibles
 f - a bread ration


   Skills:
 + Level 3.6 Fighting
 * Level 4.2 Throwing
 - Level 1.7 Dodging
 - Level 2.1 Spellcasting
 - Level 2.6 Hexes


You had 5 spell levels left.
You knew the following spells:

 Your Spells              Type           Power        Failure   Level  Hunger
a - Corona                Hex            #......      8%          1    ##.....
e - Slow                  Hex            #.......     12%         2    ###....


Dungeon Overview and Level Annotations

Branches:
Dungeon (2/15)

Altars:


Innate Abilities, Weirdness & Mutations

You are too large for most types of armour.
You have tough skin. (AC +1)


Message History

Aim: a gnoll, wielding a whip (chance to defeat MR: 52%)
The gnoll is outlined in light.
You thump the gnoll!
You kill the gnoll!
You start resting.
Magic restored.
Your magical contamination has completely faded away.
Things that are here:
a whip; a gnoll corpse A gnoll comes into view.
It is wielding a spear.
A gnoll is nearby!
What are your orders? t - Shout!
Orders for allies: a - Attack new target. r - Retreat! s - Stop attacking. g - Guard the area. f - Follow me.
Anything else - Cancel.
You shout for attention!
You hear a shout!
Things that are here:
a whip; a gnoll corpse
Casting: Corona
Confirm with . or Enter, or press ? or * to list all spells.
Aiming: Corona
Press: ? - help, Shift-Dir - straight line, f - gnoll
Aim: a gnoll, wielding a spear (chance to defeat MR: 52%)
You miscast Corona.
You are very lightly contaminated with residual magic.
Your skin tingles.
A gnoll comes into view. It is wielding a spear.
Casting: Corona
Confirm with . or Enter, or press ? or * to list all spells.
Aiming: Corona
Press: ? - help, Shift-Dir - straight line, f/p - gnoll
Aim: a gnoll, wielding a spear (chance to defeat MR: 52%)
The gnoll is outlined in light.
The gnoll closely misses you.
You hit the gnoll.
The gnoll is lightly wounded.
The gnoll hits you with a spear. The gnoll hits you but does no damage.
You completely miss the gnoll.
The gnoll is lightly wounded.
The gnoll hits you with a spear. The gnoll closely misses you.
You hit the gnoll.
The gnoll is severely wounded.
The gnoll hits you with a spear! The gnoll misses you.
The gnoll hits you with a spear.
The gnoll hits you from afar with a spear!
* * * LOW HITPOINT WARNING * * *
You completely miss the gnoll.
The gnoll is severely wounded.
The gnoll hits you with a spear.
* * * LOW HITPOINT WARNING * * *
The gnoll hits you from afar with a spear.
* * * LOW HITPOINT WARNING * * *
The gnoll hits you with a spear.
* * * LOW HITPOINT WARNING * * *
You barely miss the gnoll.
The gnoll is severely wounded.
The gnoll hits you from afar with a spear.
* * * LOW HITPOINT WARNING * * *
The gnoll hits you with a spear.
* * * LOW HITPOINT WARNING * * *
The gnoll hits you from afar with a spear.
You die...

#. #.................
###.##
#.........########
......# ##.####...#
#.. #..... #####.#
#.### #.# .#.....##
#.....# #.# #.#
........###.########.#
#..
..............)).....#
###
.......####.##########
.....## #...@gg....#
##.#. #.########.# # #
#.# ..# #.#
#g...###### #.#
.##.....[. #.# ##
####### #.# # #. # #


You could see 2 gnolls.

Vanquished Creatures
  An ogre (D:2)
  A gnoll (D:2)
  An adder (D:2)
  A dart slug (D:1)
  2 leopard geckos
  4 giant cockroaches (D:1)
  5 goblins (D:1)
  2 hobgoblins (D:1)
  3 jackals (D:1)
  7 bats
  4 frilled lizards
  3 kobolds
  3 rats
37 creatures vanquished.

Notes
Turn   | Place    | Note
-------+----------+-------------------------------------------
     0 | D:1      | Amnesiac the Ogre Arcane Marksman began the quest for the Orb.
     0 | D:1      | Reached XP level 1. HP: 19/19 MP: 2/2
   206 | D:1      | Reached XP level 2. HP: 28/28 MP: 3/3
   392 | D:1      | You fall through a shaft!
   511 | D:2      | Learned a level 2 spell: Slow
   557 | D:1      | Reached skill level 3 in Throwing
   562 | D:1      | Reached XP level 3. HP: 23/36 MP: 0/4
   957 | D:2      | Noticed an ogre
   961 | D:2      | Killed an ogre
   961 | D:2      | Reached skill level 4 in Throwing
   961 | D:2      | Reached XP level 4. HP: 23/45 MP: 3/7
   961 | D:2      | Reached XP level 5. HP: 27/53 MP: 3/8
  1176 | D:2      | Slain by a gnoll

Vault maps used:
D:1:      saegor_arrival_simple_c, minmay_tromino_i2
D:2:      makhleb_altar_promises_db, chequers_ecumenical_altar_grove,
          uniq_jessica

Skill      XL: |  1  2  3 |
---------------+----------+-----
Fighting       | 2 3 |  3.6
Throwing       | 3 4 |  4.2
Spellcasting   | 2 |  2.1
Dodging        | |  1.7
Hexes          | |  2.6

Action                   |  1- 3 |  4- 6 || total
-------------------------+-------+-------++-------
Melee: Unarmed           |    70 |       ||    70
       Short sword       |    74 |       ||    74
       Giant club        |       |    12 ||    12
Throw: Large rock        |    10 |       ||    10
       Throwing net      |     1 |       ||     1
 Cast: Corona            |    31 |     7 ||    38
  Eat: Chunk             |     1 |     1 ||     2
Armor: Robe              |    47 |    13 ||    60
Dodge: Dodged            |    94 |    16 ||   110

Table legend:
 A = Spawn XP
 B = Non-spawn XP
 C = Spawn XP percentage of total XP
 D = Spawn monster count
 E = Non-spawn monster count
 F = Spawn count percentage of total count
 G = Total turns spent on level
                    A         B        C        D         E        F      G
               +---------+---------+-------+---------+---------+-------+---------
         Total |       0 |     212 |   0.0 |       0 |      37 |   0.0 |  1176
               +---------+---------+-------+---------+---------+-------+---------
           D:1 |       0 |      47 |   0.0 |       0 |      26 |   0.0 |   679
           D:2 |       0 |     165 |   0.0 |       0 |      11 |   0.0 |   497
               +---------+---------+-------+---------+---------+-------+---------
